 Dungeon Crawl Stone Soup version 0.21.1-1-g345015f (webtiles) character file.

63316 rgaf the Unseen (level 14, -1/105 HPs)
             Began as a Vampire Enchanter on July 3, 2018.
             Was the Champion of Kikubaaqudgha.
             Shot with a bolt by an orc knight (28 damage)
             ... on level 2 of the Orcish Mines.
             The game lasted 00:58:41 (34755 turns).

rgaf the Unseen (Vampire Enchanter)                Turns: 34755, Time: 00:58:42

Health: -1/105     AC:  6    Str: 10    XL:     14   Next: 67%
Magic:  34/44      EV: 17    Int: 20    God:    Kikubaaqudgha [******]
Gold:   2307       SH:  0    Dex: 11    Spells: 3/29 levels left

rFire    . . .     SeeInvis +   b - +11 dagger "Orb Guardian's Doom" {pierce, +Rage SInv}
rCold    + + .     Gourm    .   (no shield)
rNeg     + + .     Faith    .   A - +2 robe {rN+}
rPois    +         Spirit   .   (no helmet)
rElec    .         Reflect  .   F - +0 cloak of Absence {rPois MP+9 Dex-3 Stlth+} (curse)
rCorr    .         Harm     .   g - +1 pair of gloves
MR       +....                  e - +2 pair of boots of Daisies {+Inv rPois rC+}
Stlth    +++++++...             (no amulet)
HPRegen  0.27/turn              t - ring of protection from cold
MPRegen  0.29/turn              B - ring of magical power

@: corroded
A: fangs 3, see invisible, unbreathing
a: Bat Form, Receive Corpses, Torment, Brand Weapon With Pain, Receive
Necronomicon, Renounce Religion, Evoke Berserk Rage, Evoke Invisibility


You were on level 2 of the Orcish Mines.
You worshipped Kikubaaqudgha.
Kikubaaqudgha was exalted by your worship.
You were not thirsty.

You visited 4 branches of the dungeon, and saw 24 of its levels.
You also visited: Labyrinth, Ossuary, Bailey and Ice Cave.

You collected 2307 gold pieces.

Inventory:

Hand Weapons
 a - a +1 rapier of electrocution
 b - the +11 dagger "Orb Guardian's Doom" (weapon) {pierce, +Rage SInv}
   (You found it on level 11 of the Dungeon)

   It inflicts extra damage upon your enemies.
   It lets you see invisible.
   It lets you go berserk.
 z - a +4 dagger of venom
Armour
 e - the +2 pair of boots of Daisies (worn) {+Inv rPois rC+}
   (You found it in a labyrinth)

   It protects you from cold.
   It protects you from poison.
   It lets you turn invisible.
 g - a +1 pair of gloves (worn)
 x - a +1 cloak
 A - a +2 robe of positive energy (worn)
 F - the cursed +0 cloak of Absence (worn) {rPois MP+9 Dex-3 Stlth+}
   (You found it in a labyrinth)

   It affects your dexterity (-3).
   It protects you from poison.
   It affects your magic capacity (+9).
   It makes you more stealthy.
   It has a curse placed upon it.
Jewellery
 h - an uncursed ring of protection from magic
 i - an uncursed ring of stealth {unknown}
 s - a +2 ring of protection
 t - a ring of protection from cold (left hand)
 y - an uncursed amulet of harm {unknown}
 B - a ring of magical power (right hand)
 R - an uncursed ring of resist corrosion
 S - the amulet "Doitiug" {Harm *Drain Int+2, unknown}
   (You found it on level 14 of the Dungeon)

   [amulet of harm]

   It increases damage dealt and taken.
   It affects your intelligence (+2).
   It causes draining when unequipped.
 V - a cursed ring of teleportation {unknown}
 Y - an uncursed ring of poison resistance {unknown}
Wands
 k - a wand of enslavement (31)
 p - a wand of polymorph (49)
 w - a wand of flame (73)
 L - a wand of scattershot (6)
 M - a wand of paralysis (31)
 P - a wand of disintegration (14)
 W - a wand of acid (2)
Scrolls
 l - 10 scrolls of teleportation
 m - 7 scrolls of remove curse
 n - 7 scrolls of magic mapping
 u - 2 scrolls of amnesia
 H - a scroll of identify
 J - 2 scrolls of fear
 U - 4 scrolls of enchant armour
 Z - 3 scrolls of enchant weapon
Potions
 d - 28 potions of blood
 f - 3 potions of ambrosia
 j - 10 potions of curing
 o - a potion of mutation
 q - 4 potions of magic
 r - 6 potions of agility
 v - 5 potions of heal wounds
 C - 3 potions of cancellation
 E - 2 potions of degeneration
 G - 2 potions of flight
 I - 4 potions of lignification
 K - a potion of invisibility
 N - 3 potions of might
 O - a potion of resistance {unknown}
 Q - 5 potions of haste
 T - 2 potions of brilliance
Books
 c - a book of Maledictions

   Spells                             Type                      Level
   a - Corona                         Hexes                        1
   b - Ensorcelled Hibernation        Hexes/Ice                    2
   c - Confuse                        Hexes                        3
   d - Tukima's Dance                 Hexes                        3
   e - Dazzling Spray                 Conjuration/Hexes            3
 D - Kikubaaqudgha's Reference Book on Evil Arts
   (Kikubaaqudgha gifted it to you on level 9 of the Dungeon)

   Spells                             Type                      Level
   a - Pain                           Necromancy                   1
   b - Corpse Rot                     Necromancy                   2
   c - Sublimation of Blood           Necromancy                   2
   d - Regeneration                   Charms/Necromancy            3
 X - Kikubaaqudgha's Catalogue of Dark Rites
   (Kikubaaqudgha gifted it to you on level 2 of the Lair of Beasts)

   Spells                             Type                      Level
   a - Bolt of Draining               Conjuration/Necromancy       5
   b - Borgnjor's Vile Clutch         Necromancy/Earth             5
   c - Dispel Undead                  Necromancy                   5
   d - Simulacrum                     Ice/Necromancy               6
   e - Death Channel                  Necromancy                   6


   Skills:
 - Level 8.0 Fighting
 - Level 4.2 Short Blades
 - Level 10.0 Dodging
 + Level 15.3 Stealth
 - Level 8.0 Spellcasting
 + Level 14.9 Hexes
 - Level 15.0 Necromancy
 - Level 7.0 Ice Magic


You had 3 spell levels left.
You knew the following spells:

 Your Spells              Type           Power        Failure   Level  Hunger
a - Corpse Rot            Necr           N/A          1%          2    None
b - Ensorcelled Hibernat  Hex/Ice        ######       1%          2    None
c - Confuse               Hex            ######..     1%          3    None
d - Tukima's Dance        Hex            ######..     1%          3    None
e - Simulacrum            Ice/Necr       ######....   14%         6    ######.
f - Borgnjor's Vile Clut  Necr/Erth      #####.....   11%         5    #####..
g - Dispel Undead         Necr           ######..     1%          5    #####..


Dungeon Overview and Level Annotations

Branches:
Dungeon (15/15)            Temple (1/1) D:6            Lair (6/6) D:10
 Spider (0/4) Lair:2        Slime (0/5) Lair:5          Orc (2/2) D:12
 Vaults (0/5) D:14
  Swamp: Lair:2-4    Shoals: Lair:2-4       Elf: Orc:2       Depths: D:15

Altars:
Ashenzari
Cheibriados
Dithmenos
Elyvilon
Fedhas
Gozag
Hepliaklqana
Kikubaaqudgha
Makhleb
Nemelex Xobeh
Okawaru
Qazlal
Ru
Sif Muna
Trog
Uskayaw
Vehumet
Wu Jian
Xom
Yredelemnul
Zin
The Shining One
Jiyva

Shops:
D:4 (   D:10 [   D:12 %   D:13 *   D:15 ?   Orc:2 ??[[

Annotations:
D:5 exclusion: 2 doors
D:8 bande's ghost, novice MiBe
D:15 2 runed doors, exclusion: obsidian statue
Lair:3 Rupert
Lair:5 1 runed door, exclusion: door
Lair:6 Steadysplat's ghost, journeyman HOFi


Innate Abilities, Weirdness & Mutations

You have razor-sharp teeth.
You have supernaturally acute eyesight. (SInv)
You can survive without breathing.


Message History

The orc sorcerer hits you with a dagger!
The orc shouts!
Casting: Ensorcelled Hibernation
Confirm with . or Enter, or press ? or * to list all spells.
Aiming: Ensorcelled Hibernation
Press: ? - help, Shift-Dir - straight line, f/p - orc sorcerer
Aim: an orc sorcerer, wielding a dagger and wearing a runed robe (moderately wounded, unusually strong, chance to defeat MR: 55%)
The orc sorcerer resists with almost no effort.
The orc knight shoots a bolt.
The bolt hits you!!
* * * LOW HITPOINT WARNING * * *
The rust devil hits you. The rust devil corrodes you!
The orc sorcerer closely misses you.
As you read the scroll of fear, it crumbles to dust.
You assume a fearsome visage.
The orc looks frightened!
The rust devil is unaffected.
The orc sorcerer resists with almost no effort.
The orc knight easily resists.
The orc knight shoots a bolt.
The bolt hits you!!
You die...
Kikubaaqudgha rasps: "You have failed me!
Welcome... oblivion!"

##......))8.∩.8......
#...........[##.....)
####.....##.o..8......#. ####
#####..#....##.o...[.†.(.##.
o....#.#......$..###)....).######
o....#...[).......#.............#
........)))........).)..........[
.........###..........))###...([[
..........####)4@......#∩........
.........## ##o..[..............
........## #.[.....##..####..#
.....#.## ###........#####.....
.....#. #..........###.#.....
#### ## # ##.......[...........
#.#......#...[[[......[
##.....#####.)<......#.[ #......#
#...[[..###...


You could see an orc knight, a rust devil, an orc sorcerer and an orc (fleeing).

Vanquished Creatures
  Gastronok (D:8)
  An orc warlord (Orc:2)
  Nessos (D:14)
  A minotaur (Lab)
  The ghost of Glennnyy the Cleaver, a journeyman MiFi of Fedhas (D:11)
  7 hydras
  Erica (D:9)
  An anaconda (Lair:3)
  8 two-headed ogres
  2 orc high priests
  3 skeletal warriors (D:14)
  An unseen horror (D:12)
  A wizard (D:14)
  Pikel (D:4)
  3 ugly things
  An orc sorcerer (Orc:2)
  3 elephants
  14 black mambas
  12 spiny frogs
  2 gargoyles
  3 rime drakes
  5 komodo dragons
  2 polar bears
  7 trolls
  A queen bee (D:11)
  4 slime creatures (D:14)
  9 blink frogs
  7 dream sheep
  7 hippogriffs
  A shadow (D:11)
  A spriggan (Lair:4)
  2 hungry ghosts (D:12)
  21 yaks
  3 vampires
  4 wyverns
  A basilisk (D:14)
  3 wargs
  An acid dragon (D:13)
  Duvessa (D:4)
  5 porcupines
  14 water moccasins
  19 orc warriors
  11 ice beasts
  A sky beast (D:6)
  A slave (D:4)
  4 black bears
  A hornet zombie (D:6)
  A necrophage (D:8)
  6 ogres
  4 phantoms
  18 wolves
  8 centaurs
  7 crocodiles
  The ghost of rgaf the Bolt Thrower, an amateur KoHu (D:3)
  A big kobold (D:13)
  17 bullfrogs
  2 gnoll sergeants
  Dowan (D:4)
  A water moccasin zombie (D:4)
  A wyvern skeleton (D:14)
  11 scorpions
  26 killer bees
  4 wights
  8 howler monkeys
  5 electric eels
  2 crimson imps (D:5)
  2 bullfrog zombies (D:9)
  A lava snake (D:11)
  A quasit (D:13)
  3 centaur zombies
  4 hounds
  7 jellies
  Crazy Yiuf (D:3)
  17 orc priests
  2 bullfrog skeletons
  2 centaur skeletons
  A human zombie (Ossuary)
  29 orc wizards
  Natasha (twice) (D:4)
  15 worker ants
  3 big kobold zombies (Ossuary)
  8 ogre zombies (D:12)
  2 hound zombies (D:10)
  A hound skeleton (D:6)
  3 mummies (Ossuary)
  A worker ant zombie (D:6)
  17 gnolls
  12 adders
  4 scorpion zombies (Ossuary)
  3 shadow imps
  An ooze (D:5)
  An adder skeleton (D:6)
  5 worms
  4 dart slugs
  8 leopard geckos
  66 orcs
  9 giant cockroaches
  2 gnoll zombies (Ossuary)
  8 goblins
  7 hobgoblins
  3 jackals (D:3)
  5 quokkas
  3 bats
  3 frilled lizards
  3 goblin skeletons (D:12)
  2 goblin zombies
  A hobgoblin skeleton (D:12)
  7 hobgoblin zombies
  9 kobolds
  An orc skeleton (D:12)
  16 orc zombies (D:12)
  A quokka skeleton (D:4)
  4 rats
  A butterfly (D:6)
639 creatures vanquished.

Vanquished Creatures (collateral kills)
  A two-headed ogre (D:9)
  2 orc warriors
  2 wights (D:8)
  A hound (Bailey)
  2 orc wizards
  A gnoll (Bailey)
  4 orcs
13 creatures vanquished.

Vanquished Creatures (others)
  2 dancing weapons
  A wolf (Lair:6)
  A centaur zombie (Ossuary)
  Natasha (D:4)
  5 orcs (D:4)
  10 fungi
  10 plants
30 creatures vanquished.

Grand Total: 682 creatures vanquished

Notes
Turn   | Place    | Note
-------+----------+-------------------------------------------
     0 | D:1      | rgaf the Vampire Enchanter began the quest for the Orb.
     0 | D:1      | Reached XP level 1. HP: 13/13 MP: 3/3
   191 | D:1      | Reached XP level 2. HP: 19/19 MP: 5/5
   200 | D:1      | Learned a level 2 spell: Ensorcelled Hibernation
   431 | D:1      | Reached skill level 5 in Stealth
   547 | D:1      | Reached skill level 5 in Hexes
   744 | D:1      | Reached XP level 3. HP: 20/24 MP: 3/6
  1201 | D:2      | Found an opulent altar of Gozag.
  1202 | D:2      | Found a glowing silver altar of Zin.
  1703 | D:3      | Reached XP level 4. HP: 13/30 MP: 2/7
  2055 | D:3      | Found a deep blue altar of Sif Muna.
  2923 | D:3      | Learned a level 3 spell: Confuse
  3003 | D:3      | Reached XP level 5. HP: 29/35 MP: 5/8
  3065 | D:3      | Noticed rgaf's ghost (amateur KoHu)
  3097 | D:3      | Killed rgaf's ghost
  3281 | D:3      | Found a runed door.
  3951 | D:3      | Noticed Crazy Yiuf
  3955 | D:3      | Killed Crazy Yiuf
  3998 | D:4      | Noticed Dowan
  3999 | D:4      | Noticed Duvessa
  4060 | D:4      | Reached XP level 6. HP: 11/41 MP: 1/9
  4466 | D:4      | Noticed Pikel
  4466 | D:4      | Noticed a slave
  4466 | D:4      | Noticed a slave
  4644 | D:4      | Found Jacanoor's Weapon Shoppe.
  5451 | D:4      | Noticed Natasha
  5454 | D:4      | Killed Natasha
  5462 | D:4      | Noticed Natasha
  5486 | D:4      | Killed Natasha
  5845 | D:4      | Noticed a slave
  5847 | D:4      | Noticed a slave
  5866 | D:4      | Killed a slave
  5891 | D:4      | Killed Pikel
  5891 | D:4      | Reached XP level 7. HP: 21/46 MP: 0/10
  6279 | D:4      | Killed Natasha
  6901 | D:4      | Killed Duvessa
  6901 | D:4      | Reached skill level 10 in Stealth
  6901 | D:4      | Reached XP level 8. HP: 29/52 MP: 6/11
  6904 | D:4      | Killed Dowan
  7227 | D:5      | Entered Level 5 of the Dungeon
  7622 | D:5      | Found a sand-covered staircase.
  7637 | Ossuary  | Entered an ossuary
  7855 | Ossuary  | Reached skill level 10 in Hexes
  9466 | D:5      | Found a snail-covered altar of Cheibriados.
  9761 | D:6      | Found a shimmering altar of Xom.
  9780 | D:6      | Reached XP level 9. HP: 57/57 MP: 12/12
  9890 | D:6      | Reached skill level 1 in Fighting
 10101 | D:6      | Learned a level 3 spell: Tukima's Dance
 10136 | D:6      | Found a shadowy altar of Dithmenos.
 10186 | D:6      | Found a staircase to the Ecumenical Temple.
 10201 | Temple   | Entered the Ecumenical Temple
 10347 | Temple   | Became a worshipper of Kikubaaqudgha
 10920 | D:7      | You fall through a shaft!
 10920 | D:8      | Noticed a two-headed ogre
 10948 | D:8      | Killed a two-headed ogre
 11047 | D:8      | Reached skill level 5 in Dodging
 11218 | D:8      | Noticed bande's ghost (novice MiBe)
 11235 | D:8      | Noticed Gastronok
 11651 | D:8      | Found a radiant altar of Vehumet.
 11829 | D:8      | Killed Gastronok
 11829 | D:8      | Reached skill level 5 in Fighting
 11829 | D:8      | Reached skill level 5 in Spellcasting
 11829 | D:8      | Reached XP level 10. HP: 69/74 MP: 16/18
 12570 | D:7      | Found a sacrificial altar of Ru.
 13276 | D:9      | Reached * piety under Kikubaaqudgha
 13276 | D:9      | Identified Kikubaaqudgha's Reference Book on Evil Arts (Kikubaaqudgha gifted it to you on level 9 of the Dungeon)
 13276 | D:9      | Received a gift from Kikubaaqudgha
 13544 | D:9      | Noticed a two-headed ogre
 13602 | D:9      | Killed a two-headed ogre
 13722 | D:9      | Noticed Erica
 13729 | D:9      | Killed Erica
 13931 | D:9      | Noticed a two-headed ogre
 13943 | D:9      | Killed a two-headed ogre
 13943 | D:9      | Reached XP level 11. HP: 54/83 MP: 19/21
 14611 | D:9      | Learned a level 2 spell: Corpse Rot
 14621 | D:10     | Entered Level 10 of the Dungeon
 14632 | D:10     | Noticed a two-headed ogre
 14653 | D:9      | Reached skill level 1 in Necromancy
 14965 | D:10     | Killed a two-headed ogre
 15131 | D:10     | Found Gagume's Antique Armour Shop.
 15146 | D:10     | Noticed a two-headed ogre
 15154 | D:10     | Killed a two-headed ogre
 15155 | D:10     | Reached ** piety under Kikubaaqudgha
 15320 | D:10     | Noticed a two-headed ogre
 15321 | D:10     | Found a staircase to the Lair.
 15325 | D:10     | Killed a two-headed ogre
 15331 | Lair:1   | Entered Level 1 of the Lair of Beasts
 15397 | D:11     | Found a flagged portal.
 15407 | Bailey   | Entered a bailey
 15736 | D:11     | Noticed Glennnyy's ghost (journeyman MiFi)
 15929 | Lair:1   | Reached skill level 5 in Necromancy
 16621 | Lair:2   | Noticed a lindwurm
 16872 | Lair:2   | Reached *** piety under Kikubaaqudgha
 16872 | Lair:2   | Identified Kikubaaqudgha's Catalogue of Dark Rites (Kikubaaqudgha gifted it to you on level 2 of the Lair of Beasts)
 16872 | Lair:2   | Received a gift from Kikubaaqudgha
 17113 | Lair:2   | Found a hole to the Spider Nest.
 17375 | Lair:2   | Reached XP level 12. HP: 92/92 MP: 24/24
 18206 | Lair:2   | Reached skill level 1 in Ice Magic
 18558 | Lair:2   | Learned a level 6 spell: Simulacrum
 18564 | Lair:2   | Learned a level 5 spell: Borgnjor's Vile Clutch
 18708 | Lair:2   | Noticed a four-headed hydra
 19473 | Lair:3   | Noticed a seven-headed hydra
 19483 | Lair:3   | Killed a seven-headed hydra
 19547 | Lair:3   | Reached skill level 10 in Dodging
 19560 | Lair:3   | Found a frozen archway.
 19588 | IceCv    | Entered an ice cave
 19599 | Lair:3   | Identified the +2 ring mail of Coronation {rF++ Dex+3} (You found it on level 3 of the Lair of Beasts)
 19619 | Lair:3   | Noticed an eight-headed hydra
 19654 | Lair:3   | Killed an eight-headed hydra
 20183 | Lair:3   | Noticed Rupert
 20221 | Lair:3   | Learned a level 5 spell: Dispel Undead
 20228 | Lair:3   | Paralysed by Rupert for 3 turns
 20687 | Lair:3   | Reached **** piety under Kikubaaqudgha
 21330 | Lair:4   | Noticed a six-headed hydra
 21330 | Lair:4   | Noticed an anaconda
 21343 | Lair:3   | Killed an anaconda
 21345 | Lair:3   | Reached skill level 10 in Necromancy
 21489 | Lair:4   | Noticed a six-headed hydra
 21537 | Lair:4   | Killed a six-headed hydra
 21537 | Lair:4   | Reached skill level 5 in Ice Magic
 21862 | Lair:4   | Killed a six-headed hydra
 21904 | Lair:4   | Reached XP level 13. HP: 98/98 MP: 25/25
 22808 | Lair:5   | Found a runed door.
 22808 | Lair:5   | Found a viscous altar of Jiyva.
 22808 | Lair:5   | Found a staircase to the Slime Pits.
 23565 | Lair:6   | Entered Level 6 of the Lair of Beasts
 23980 | Lair:6   | Reached ***** piety under Kikubaaqudgha
 24986 | Lair:6   | Noticed Steadysplat's ghost (journeyman HOFi)
 26407 | D:11     | Got a brightly glowing dagger
 26408 | D:11     | Identified the +11 dagger "Orb Guardian's Doom" {pierce, +Rage SInv} (You found it on level 11 of the Dungeon)
 26591 | D:11     | Killed Glennnyy's ghost
 27084 | D:12     | Found Obriblig's Food Emporium.
 27143 | D:12     | Found a labyrinth entrance.
 27352 | Lab      | Entered a labyrinth
 27474 | Lab      | Noticed a minotaur
 27483 | Lab      | Killed a minotaur
 27490 | Lab      | Identified the cursed +0 cloak of Absence {rPois MP+9 Dex-3 Stlth+} (You found it in a labyrinth)
 27493 | Lab      | Identified the +2 pair of boots of Daisies {+Inv rPois rC+} (You found it in a labyrinth)
 27732 | D:12     | Found a staircase to the Orcish Mines.
 27973 | D:12     | Reached XP level 14. HP: 93/105 MP: 26/26
 27988 | D:12     | Reached ****** piety under Kikubaaqudgha
 28919 | D:12     | Found a bloodstained altar of Trog.
 29872 | D:13     | Found Rowudirph's General Store.
 30100 | D:14     | Found a bloodstained altar of Trog.
 30523 | D:14     | Reached skill level 15 in Necromancy
 30531 | D:14     | Found a gate to the Vaults.
 30583 | D:14     | Got a transparent silver amulet
 31010 | D:14     | Noticed Nessos
 31353 | D:14     | Killed Nessos
 31642 | D:15     | Entered Level 15 of the Dungeon
 31713 | D:15     | Found Genoge's Magic Scroll Shop.
 31714 | D:15     | Found a large runed door.
 31714 | D:15     | Found a large runed door.
 31817 | Orc:1    | Entered Level 1 of the Orcish Mines
 33023 | Orc:2    | Entered Level 2 of the Orcish Mines
 33023 | Orc:2    | Found Dexkov's Armour Emporium.
 33415 | Orc:2    | Found Xying's Magic Scroll Boutique.
 33522 | Orc:2    | Found Lyffyuno's Magic Scroll Boutique.
 33728 | Orc:2    | Found Foexzyup's Armour Shop.
 34457 | Orc:2    | Reached skill level 15 in Stealth
 34461 | Orc:2    | Noticed an orc warlord
 34490 | Orc:2    | Killed an orc warlord
 34755 | Orc:2    | Shot with a bolt by an orc knight

Skill      XL: |  1  2  3  4  5  6  7  8  9 10 11 12 13 14 |
---------------+-------------------------------------------+-----
Stealth        | 5 6 7 9 10 12 15 | 15.3
Hexes          | 5 6 7 9 12 14 | 14.9
Short Blades   | 2 3 4 |  4.2
Fighting       | 5 6 7 8 |  8.0
Dodging        | 6 8 9 10 | 10.0
Spellcasting   | 5 6 8 |  8.0
Necromancy     | 6 11 14 15 | 15.0
Ice Magic      | 5 7 |  7.0

Action                   |  1- 3 |  4- 6 |  7- 9 | 10-12 | 13-15 || total
-------------------------+-------+-------+-------+-------+-------++-------
Melee: Dagger            |    90 |   142 |   279 |   355 |   794 ||  1660
       Bite              |     5 |    10 |    22 |    30 |    54 ||   121
       Rapier            |       |       |       |     5 |       ||     5
 Cast: Ensorcelled Hiber |     6 |    29 |    59 |   161 |   220 ||   475
       Confuse           |       |     6 |    24 |    34 |    34 ||    98
       Tukima's Dance    |       |       |     2 |    20 |     3 ||    25
       Simulacrum        |       |       |       |     1 |       ||     1
       Borgnjor's Vile C |       |       |       |       |     1 ||     1
       Dispel Undead     |       |       |       |       |     8 ||     8
Invok: Receive Corpses   |       |       |       |     1 |       ||     1
 Abil: End Transformatio |       |       |     2 |     1 |     1 ||     4
       Bat Form          |       |       |     2 |     1 |     1 ||     4
Evoke: Wand              |       |       |     1 |    11 |     5 ||    17
  Use: Potion            |       |     7 |    10 |    16 |    21 ||    54
       Scroll            |       |     6 |     2 |    27 |     9 ||    44
 Stab: Sleeping          |    12 |    22 |    54 |   115 |   184 ||   387
       Distracted        |     2 |     2 |       |     1 |     3 ||     8
       Confused          |       |     5 |    13 |    14 |    14 ||    46
Armor: Robe              |    20 |    25 |    59 |    71 |   151 ||   326
Dodge: Dodged            |    50 |    88 |   154 |   391 |   649 ||  1332
Block: Buckler           |       |       |       |     3 |       ||     3
